 Dungeon Crawl Stone Soup version 0.27.1-34-g3ba077fa99 (webtiles) character file.

Game seed: 14944256703590242678

116 Delamore the Sneak (level 5, -2/34 HPs)
             Began as an Octopode Brigand on Jan 30, 2022.
             Slain by Grinder (7 damage)
             ... on level 4 of the Dungeon.
             The game lasted 00:02:27 (2048 turns).

Delamore the Sneak (Octopode Brigand)               Turns: 2048, Time: 00:02:27

Health: -2/34      AC:  1    Str: 11    XL:     5   Next: 0%
Magic:  5/5        EV: 12    Int: 13    God:
Gold:   132        SH:  0    Dex: 14    Spells: 4/4 levels left

rFire    . . .     SeeInvis .   e - +0 dagger (venom)
rCold    . . .     Faith    .   (no shield)
rNeg     + . .     Spirit   .   (helmet restricted)
rPois    .         Reflect  .   g - amulet of regeneration
rElec    .         Harm     .   m - ring of positive energy
rCorr    .         Rampage  .   (no ring)
Will     .....                  (no ring)
Stlth    +++++.....             (no ring)
HPRegen  1.11/turn              (no ring)
MPRegen  0.09/turn              (no ring)
                                (no ring)
                                (no ring)

@: no status effects
A: almost no armour, amphibious, 8 rings, camouflage 1, gelatinous body 1,
(nimble swimmer 1), tentacles
a: no special abilities


You were on level 4 of the Dungeon.
You visited 1 branch of the dungeon, and saw 4 of its levels.

You collected 132 gold pieces.

Inventory:

Hand Weapons
 a - a +2 dagger
 d - a +2 vampiric short sword
 e - a +0 dagger of venom (weapon)
Missiles
 b - 27 poisoned darts (quivered)
 c - 2 curare-tipped darts
 l - 2 javelins
Jewellery
 g - an amulet of regeneration (around mantle)
 m - a ring of positive energy (left tentacle)
Scrolls
 h - a scroll of identify
 j - a scroll of fog
 k - 2 scrolls of teleportation
Potions
 f - a potion of mutation {unknown}
 i - a potion of flight {unknown}


   Skills:
 - Level 2.0 Fighting
 + Level 3.2 Short Blades
 - Level 2.0 Throwing
 - Level 1.0 Dodging
 * Level 7.6 Stealth


You had 4 spell levels left.
You didn't know any spells.
Your spell library was empty.

Dungeon Overview and Level Annotations

Branches:
Dungeon (4/15)
 Temple: D:4-7

Altars:

Annotations:
D:4 Grinder


Innate Abilities, Weirdness & Mutations

You cannot wear most types of armour.
You are amphibious.
You can wear up to eight rings at the same time.
Your skin changes colour to match your surroundings (Stealth+).
Your rubbery body absorbs attacks. (AC +1, EV +1)
((You are camouflaged near water. (Stealth+)))
You have tentacles for arms and can constrict up to eight enemies at once.


Message History

You constrict the hobgoblin, but do no damage.
The hobgoblin hits you.
You release your grip on the hobgoblin.
You kill the hobgoblin!
You have reached level 5!
You feel stronger.
Grinder blinks!
There is a stone staircase leading up here.
Sorry, you're not good enough to have a special ability.
Grinder grins, showing sharp teeth.
Grinder misses you.
You closely miss Grinder. You grab Grinder. You squeeze Grinder.
Grinder is moderately wounded.
You constrict Grinder, but do no damage.
Grinder gestures at you.
You suddenly lose the ability to move!
You lose your grip on Grinder.
Grinder says, "Tell me all your secrets, or I'll kill you."
Grinder hits you.
You writhe in agony.
Grinder hits you.
You writhe in agony.
Grinder hits you!
You can move again.
Unknown command.
You hit Grinder. You grab Grinder. You squeeze Grinder!
Grinder is heavily wounded.
You constrict Grinder, but do no damage.
Grinder barely misses you.
You hit Grinder.
Grinder is severely wounded.
You constrict Grinder. Grinder hits you!
* * * LOW HITPOINT WARNING * * *
You writhe in agony.
* * * LOW HITPOINT WARNING * * *
You hit Grinder.
Grinder is severely wounded.
You constrict Grinder. Grinder hits you.
* * * LOW HITPOINT WARNING * * *
You hit Grinder but do no damage. You squeeze Grinder.
Grinder is severely wounded.
You constrict Grinder. Grinder hits you!
You die...

..>.......#..........#.#.###...##
.........##........#####.# #...#
...##...##.......## ###.## ....
#.#....†.......#####.#..### ..#
#...##.###.###...##.......#....
###...######.#.#..............##.
..........#....##.....##.##...# .
.....#..........#.....#...###.#
....##.......#.5@<.......## ...
##...#....................# ..
##...............÷.......#
##.....#.........÷........#
.......##.....#.#..........
.......##.....###...÷......
#..5.......#### #..........
........#..# #..........
......#..... #..........


You could see Grinder.

Vanquished Creatures
  2 gnolls
  An adder (D:3)
  A white imp (D:3)
  2 dart slugs (D:1)
  A worm (D:3)
  4 orcs (D:3)
  8 bats
  9 endoplasms
  3 giant cockroaches
  A goblin (D:4)
  10 hobgoblins
  4 jackals (D:4)
  4 kobolds (D:1)
  A quokka (D:1)
  4 ball pythons
  2 frilled lizards
  5 rats
62 creatures vanquished.

Notes
Turn   | Place    | Note
-------+----------+-------------------------------------------
     0 | D:1      | Delamore the Octopode Brigand began the quest for the Orb.
     0 | D:1      | Reached XP level 1. HP: 14/14 MP: 1/1
   111 | D:1      | Reached XP level 2. HP: 16/19 MP: 2/2
   214 | D:1      | Reached skill level 6 in Stealth
   475 | D:1      | Reached XP level 3. HP: 24/24 MP: 3/3
   743 | D:1      | Found a faded altar of an unknown god.
   921 | D:2      | You fall into a shaft and drop 2 floors!
   925 | D:4      | Reached XP level 4. HP: 29/29 MP: 4/4
   931 | D:4      | Reached skill level 7 in Stealth
  2008 | D:4      | Noticed Grinder
  2016 | D:4      | Paralysed by Grinder for 5 turns
  2033 | D:4      | Reached XP level 5. HP: 21/34 MP: 5/5
  2041 | D:4      | Paralysed by Grinder for 3 turns
  2048 | D:4      | Slain by Grinder

Illustrated notes

Levels and vault maps discovered:
D:1:      dpeg_arrival_erosion, layout_basic,
          hellmonk_ecumenical_altar_arch_garden
D:2:      layout_rooms, minmay_three_crescents, uniq_natasha
D:3:      layout_basic, roderic_roman_lattice, minmay_cut_off
D:4:      layout_cave_pools, kennysheep_small_square, uniq_duvessa, uniq_grinder

Skill      XL: |  1  2  3  4 |
---------------+-------------+-----
Stealth        | 6 7 |  7.6
Short Blades   | 3 |  3.2
Fighting       | |  2.0
Throwing       | |  2.0
Dodging        | |  1.0

Action                   |  1- 3 |  4- 6 || total
-------------------------+-------+-------++-------
Melee: Dagger            |    47 |    47 ||    94
       Constrict         |    12 |    13 ||    25
       Tentacles         |     8 |     9 ||    17
       Short sword       |    12 |       ||    12
  Use: Scroll            |       |     2 ||     2
 Stab: Sleeping          |    20 |     9 ||    29
Armor: Skin              |     8 |     2 ||    10
Dodge: Dodged            |    25 |    25 ||    50
